 Dungeon Crawl Stone Soup version 0.27.0-1-g7a089689b8 (webtiles) character file.

Game seed: 9540539780839378981

81788 HungrySpirit the Carver (level 15, -1/124 HPs)
             Began as a Mummy Abyssal Knight on Aug 1, 2021.
             Was the Champion of Lugonu.
             Slain by a minotaur (31 damage)
             ... in a Gauntlet.
             The game lasted 01:19:07 (43076 turns).

HungrySpirit the Carver (Mummy Abyssal Knight)     Turns: 43076, Time: 01:19:07

Health: -1/124     AC: 18    Str: 22    XL:     15   Next: 27%
Magic:  19/19      EV: 15    Int: 12    God:    Lugonu [******]
Gold:   1541       SH: 18    Dex: 17    Spells: 14/14 levels left

rFire    + + .     SeeInvis .   k - +5 scimitar (venom)
rCold    . . .     Faith    .   x - +0 kite shield {rF+}
rNeg     + + +     Spirit   .   h - +3 fire dragon scales
rPois    ∞         Reflect  +   l - +0 hat
rElec    .         Harm     .   w - +0 cloak
rCorr    .         Rampage  .   (no gloves)
Will     +....     NoTele   +   K - +1 pair of boots
Stlth    ..........             f - amulet of reflection
HPRegen  0.30/turn              y - +4 ring of evasion
MPRegen  0.16/turn              E - +6 ring of strength

@: no status effects
A: cold resistance 1, negative energy resistance 3, torment resistance 2, heat
vulnerability 1, in touch with death 1, no potions
a: Renounce Religion, Depart the Abyss, Bend Space, Banish, Corrupt, Enter the
Abyss, Brand Weapon With Distortion


You were in a Gauntlet.
You worshipped Lugonu.
Lugonu was exalted by your worship.
You visited 3 branches of the dungeon, and saw 22 of its levels.
You visited the Abyss 1 time.
You also visited: Gauntlet and Volcano.

You collected 2494 gold pieces.
You spent 953 gold pieces at shops.

Inventory:

Hand Weapons
 c - a +2 vampiric scimitar
 k - a +5 scimitar of venom (weapon)
 t - a +4 long sword of freezing
 u - a +2 dagger of electrocution
 F - the +1 double sword "Newtslayer" {venom, rF- rN+ MP+9}
   (You acquired it on level 13 of the Dungeon)

   It poisons the flesh of those it strikes.
   rF:        It makes you vulnerable to fire.
   rN:        It protects you from negative energy.
   MP:        It affects your magic capacity (+9).
 I - a +2 great sword of flaming
Missiles
 a - 26 poisoned darts (quivered)
 e - a curare-tipped dart
 M - a throwing net
Armour
 h - +3 fire dragon scales (worn)
 l - a +0 hat (worn)
 s - a scarf of invisibility
 w - a +0 cloak (worn)
 x - a +0 kite shield of fire resistance (worn)
 K - a +1 pair of boots (worn)
Jewellery
 f - an amulet of reflection (around neck)
 y - a +4 ring of evasion (left hand)
 B - a ring of protection from fire
 C - a ring of fire
 E - a +6 ring of strength (right hand)
 G - an amulet of regeneration
 O - the amulet "Porops Otru" {Acrobat Will+ rCorr Int+3 Slay-5}
   (You found it in a Gauntlet)

   [amulet of the acrobat]

   It increases your evasion while moving and waiting.
   Int:       It affects your intelligence (+3).
   Slay:      It affects your accuracy & damage with ranged weapons and melee
   (-5).
   rCorr:     It protects you from acid and corrosion.
   Will:      It increases your willpower.
Wands
 q - a wand of digging (16)
 v - a wand of iceblast (4)
 A - a wand of polymorph (32)
 H - a wand of flame (63)
 L - a wand of charming (8)
Scrolls
 b - 3 scrolls of enchant weapon
 d - 4 scrolls of vulnerability
 g - 10 scrolls of teleportation
 i - a scroll of enchant armour
 j - 9 scrolls of amnesia
 m - 7 scrolls of fog
 n - 2 scrolls of immolation
 o - a scroll of identify
 p - 5 scrolls of noise
 r - 5 scrolls of fear
 z - 4 scrolls of blinking
 D - a scroll of silence
 J - a scroll of holy word
 N - 3 scrolls of magic mapping


   Skills:
 + Level 13.2 Fighting
 - Level 1.5(9.0) Short Blades
 * Level 13.3(13.4) Long Blades
 + Level 9.0 Armour
 + Level 5.5 Dodging
 + Level 10.4 Shields
 - Level 6.0 Invocations


You had 14 spell levels left.
You didn't know any spells.
Your spell library contained the following spells:

 Spells                   Type           Power      Damage    Failure   Level
 Corona                   Hex            0%         N/A       85%         1
 Magic Dart               Conj           0%         1d3       85%         1
 Shock                    Conj/Air       0%         1d3       85%         1
 Summon Small Mammal      Summ           0%         N/A       85%         1
 Blink                    Tloc           N/A        N/A       94%         2
 Corpse Rot               Necr/Air       N/A        N/A       94%         2
 Ensorcelled Hibernation  Hex/Ice        0%         N/A       94%         2
 Poisonous Vapours        Pois/Air       0%         N/A       94%         2
 Searing Ray              Conj           0%         3d3       94%         2
 Slow                     Hex            0%         N/A       94%         2
 Static Discharge         Conj/Air       0%         N/A       94%         2
 Call Canine Familiar     Summ           0%         N/A       99%         3
 Confusing Touch          Hex            0%         N/A       99%         3
 Dazzling Flash           Conj/Hex       0%         N/A       99%         3
 Frozen Ramparts          Ice            0%         1d2       99%         3
 Lesser Beckoning         Tloc           0%         N/A       99%         3
 Ozocubu's Armour         Ice            0%         N/A       99%         3
 Summon Guardian Golem    Hex/Summ       0%         N/A       99%         3
 Swiftness                Air            0%         N/A       99%         3
 Tukima's Dance           Hex            0%         N/A       99%         3
 Vampiric Draining        Necr           0%         2d6       99%         3
 Airstrike                Air            0%         N/A       100%        4
 Animate Armour           Summ/Erth      0%         N/A       100%        4
 Animate Dead             Necr           0%         N/A       100%        4
 Fulminant Prism          Conj/Hex       0%         3d6       100%        4
 Summon Ice Beast         Ice/Summ       0%         N/A       100%        4
 Agony                    Necr           0%         N/A       100%        5
 Fireball                 Conj/Fire      0%         3d3       100%        5
 Freezing Cloud           Conj/Ice/Air   0%         6-21      100%        5
 Iskenderun's Battlesphe  Conj           0%         2d6       100%        5
 Lightning Bolt           Conj/Air       0%         1d11      100%        5
 Manifold Assault         Tloc           0%         N/A       100%        5
 Metabolic Englaciation   Hex/Ice        0%         N/A       100%        5
 Silence                  Hex/Air        0%         N/A       100%        5
 Conjure Ball Lightning   Conj/Air       0%         3x3d6     100%        6
 Iron Shot                Conj/Erth      0%         9d1       100%        6
 Simulacrum               Ice/Necr       0%         N/A       100%        6
 Haunt                    Necr/Summ      0%         N/A       100%        7
 Orb of Destruction       Conj           0%         N/A       100%        7
 Infestation              Necr           0%         N/A       100%        8
 Maxwell's Capacitive Co  Air            0%         ∞         100%        8
 Ice Form                 Ice/Tmut       Unusable   N/A       N/A         4
 Blade Hands              Tmut           Unusable   N/A       N/A         5

Dungeon Overview and Level Annotations

Branches:
Dungeon (14/15)            Temple (0/1) D:4            Lair (6/6) D:8
  Snake (0/4) Lair:3        Slime (0/5) Lair:5          Orc (2/2) D:9
    Elf (0/3) Orc:2        Vaults (0/5) D:14        Volcano (visited)
Gauntlet (1/1)
  Swamp: Lair:2-4    Shoals: Lair:2-4

Altars:
Cheibriados
Dithmenos
Hepliaklqana
Kikubaaqudgha
Makhleb
Nemelex Xobeh
Ru
Sif Muna
Trog
Vehumet
Yredelemnul
Zin
Beogh
Jiyva

Shops:
D:2 !*!:*   D:5 !   Orc:1 !(   Orc:2 ?[=*

Portals:
Trove: D:13 (give 14 scrolls of teleportation)

Annotations:
D:2 1 runed translucent door, Crazy Yiuf
D:8 2 transporters, PanSaczeczos's ghost, novice MiHu
Lair:3 1 runed translucent door, Nefuv's ghost, journeyman MiBe
Lair:4 exclusion: 2 oklob plants Gauntlet 7 transporters, 2 runed translucent doors, exclusion: ice statue


Innate Abilities, Weirdness & Mutations

You are immune to poison.
Your flesh is cold resistant. (rC+)
You are immune to negative energy. (rN+++)
You are immune to unholy pain and torment.
You are vulnerable to heat. (rF-)
You are in touch with the powers of death.
You do not drink.


Message History

You block the minotaur's attack. x2
You hit the minotaur.
The minotaur looks as sick as possible!
The minotaur is lightly wounded.
You block the minotaur's attack. x2
You hit the minotaur.
The minotaur is lightly wounded.
The minotaur hits you with the +8 double sword "Cycvyop" {speed, rCorr Int+5 Dex-5}!!
The minotaur gores you. You block the minotaur's attack.
The minotaur gores you.
You hit the minotaur but do no damage.
The minotaur looks as sick as possible!
The minotaur is moderately wounded.
You block the minotaur's attack.
The minotaur gores you but does no damage.
You hit the minotaur.
The minotaur looks as sick as possible!
The minotaur is moderately wounded.
The minotaur hits you with the +8 double sword "Cycvyop" {speed, rCorr Int+5 Dex-5}!!
The minotaur misses you.
You barely miss the minotaur.
The minotaur furiously retaliates!
The minotaur headbutts you.
The minotaur is moderately wounded.
The minotaur closely misses you.
You riposte.
You slash the minotaur!
The minotaur is heavily wounded.
You block the minotaur's attack.
You hit the minotaur.
The minotaur looks as sick as possible!
The minotaur is heavily wounded.
You block the minotaur's attack. x2
The minotaur hits you but does no damage.
The minotaur barely misses you.
You completely miss the minotaur.
The minotaur is heavily wounded.
The minotaur hits you with the +8 double sword "Cycvyop" {speed, rCorr Int+5 Dex-5}!
* * * LOW HITPOINT WARNING * * *
The minotaur gores you but does no damage.
You hit the minotaur but do no damage.
The minotaur looks as sick as possible!
The minotaur is heavily wounded.
You block the minotaur's attack. The minotaur misses you.
You hit the minotaur but do no damage.
The minotaur looks as sick as possible!
The minotaur is heavily wounded.
The minotaur hits you with the +8 double sword "Cycvyop" {speed, rCorr Int+5 Dex-5}!!
You die...

#.#####
#.....#
#######.#
#.....#.#
#.###.#.#
#.#∩#.#.#
#.#.#.#.#
#.#.#.#.#
#.#H@.#.#
#.#####.#
#.......#
#########


You could see a minotaur (extremely poisoned).

Vanquished Creatures
  Gastronok (D:9)
  An orc warlord (Orc:2)
  Snorg (Lair:3)
  A fire dragon (Volcano)
  3 boulder beetles
  9 hydras
  2 catoblepae
  A centaur warrior (D:13)
  7 two-headed ogres
  5 death yaks (Lair:2)
  4 orc high priests (Orc:2)
  2 lindwurms
  4 orc knights
  3 orc sorcerers (Orc:2)
  2 ugly things
  A wolf spider (Lair:6)
  2 manticores
  5 cyclopes
  8 elephants
  A guardian serpent (Lair:6)
  12 black mambas
  16 cane toads
  A gargoyle (D:11)
  2 rime drakes
  An unseen horror (D:12)
  9 komodo dragons
  A kobold demonologist (D:10)
  2 ice devils (Lair:2)
  5 trolls
  A polar bear (Lair:4)
  2 tyrant leeches
  17 blink frogs
  2 hornets (Lair:6)
  15 slime creatures
  7 dream sheep (Lair:6)
  12 wyverns
  4 redbacks (Lair:6)
  2 wraiths
  47 yaks
  A shadow (D:13)
  A vampire (D:12)
  4 fire bats (Volcano)
  A basilisk (Lair:4)
  4 vampire mosquitoes (D:13)
  5 steam dragons
  4 swamp worms
  4 wargs (Orc:2)
  2 acid dragons
  23 water moccasins
  45 orc warriors
  3 sky beasts
  A black bear (Lair:2)
  A hornet zombie (D:9)
  3 ice beasts
  A centaur (D:5)
  12 ogres
  A phantom (D:5)
  11 bullfrogs
  2 gnoll sergeants
  A wyvern zombie (D:6)
  4 jellies (D:9)
  3 killer bees
  9 wights
  5 howler monkeys
  A centaur zombie (D:9)
  A gnoll shaman (D:5)
  41 orc priests
  3 hounds
  3 iguanas
  A bullfrog skeleton (D:6)
  2 centaur skeletons (D:7)
  21 orc wizards
  A scorpion zombie (D:5)
  A hound skeleton (D:4)
  A howler monkey zombie (D:5)
  20 gnolls
  4 adders
  2 white imps
  2 ufetubi
  2 adder skeletons
  A worm (D:3)
  4 dart slugs
  106 orcs
  10 ball pythons
  4 bats (D:1)
  7 endoplasms
  4 giant cockroaches
  18 hobgoblins
  5 jackals
  7 quokkas
  A frilled lizard (D:3)
  14 goblins
  12 kobolds
  2 quokka skeletons (D:4)
  12 rats
685 creatures vanquished.

Vanquished Creatures (others)
  A deep elf pyromancer (D:12)
  An orc (Orc:1)
  49 fungi
  73 plants
124 creatures vanquished.

Grand Total: 809 creatures vanquished

Notes
Turn   | Place    | Note
-------+----------+-------------------------------------------
     0 | Abyss:1  | HungrySpirit the Mummy Abyssal Knight began the quest for
                  | the Orb.
     0 | Abyss:1  | Reached XP level 1. HP: 18/18 MP: 2/2
   147 | Abyss:2  | Noticed a sixfirhy
   151 | Abyss:2  | Noticed a small abomination
   152 | D:1      | Escaped the Abyss
   559 | D:1      | Reached XP level 2. HP: 24/24 MP: 3/3
   647 | D:1      | Reached * piety under Lugonu
  1287 | D:1      | Reached XP level 3. HP: 25/30 MP: 4/4
  1501 | D:2      | Found Wyiwoq's General Store.
  1510 | D:2      | Bought a scroll of teleportation for 36 gold pieces
  1584 | D:2      | Found a runed translucent door.
  1585 | D:2      | Noticed Crazy Yiuf
  1628 | D:2      | Found Jiliheru's Distillery.
  1675 | D:2      | Found Seteusch's Distillery.
  1738 | D:2      | Found Vaeggol's Assorted Antiques.
  2011 | D:2      | Found Zomaegho's Book Shoppe.
  2160 | D:2      | Found a sacrificial altar of Ru.
  2651 | D:3      | Reached XP level 4. HP: 22/38 MP: 5/5
  2828 | D:3      | Reached ** piety under Lugonu
  3470 | D:4      | Found a shimmering blue altar of Sif Muna.
  3554 | D:4      | Reached skill level 5 in Fighting
  3562 | D:5      | Entered Level 5 of the Dungeon
  3590 | D:4      | Reached skill level 1 in Long Blades
  3590 | D:4      | Reached skill level 1 in Shields
  3590 | D:4      | Reached XP level 5. HP: 18/44 MP: 6/6
  4197 | D:4      | Found a staircase to the Ecumenical Temple.
  4241 | D:4      | Found a snail-covered altar of Cheibriados.
  4242 | D:4      | Found a shadowy altar of Dithmenos.
  4244 | D:4      | Found a basalt altar of Yredelemnul.
  4758 | D:5      | Reached XP level 6. HP: 40/52 MP: 7/7
  4768 | D:5      | Reached *** piety under Lugonu
  4890 | D:5      | Found a burning altar of Makhleb.
  5021 | D:5      | Found Usu Vakk's Distillery.
  5060 | D:5      | Found a hazy altar of Hepliaklqana.
  5567 | D:5      | Noticed a water moccasin
  5599 | D:5      | Reached XP level 7. HP: 56/59 MP: 8/8
  7121 | D:5      | Reached **** piety under Lugonu
  7799 | D:6      | Found an ancient bone altar of Kikubaaqudgha.
  8603 | D:6      | Reached XP level 8. HP: 37/68 MP: 9/9
  9483 | D:7      | Found a radiant altar of Vehumet.
  9706 | D:8      | Noticed a two-headed ogre
  9785 | D:8      | Killed a two-headed ogre
  9786 | D:8      | Reached XP level 9. HP: 74/77 MP: 10/10
  9945 | D:8      | Found a staircase to the Lair.
 10291 | D:8      | Reached skill level 5 in Long Blades
 10291 | D:8      | Reached skill level 5 in Shields
 10401 | D:8      | Found a transporter.
 10401 | D:8      | Found a transporter.
 10404 | D:8      | Noticed PanSaczeczos's ghost (novice MiHu)
 10405 | D:8      | Noticed a moth of wrath
 10408 | D:8      | Found a bloodstained altar of Trog.
 10420 | D:8      | Noticed a cyclops
 10530 | D:8      | Found a sparkling altar of Nemelex Xobeh.
 10807 | D:9      | Found a viscous altar of Jiyva.
 10971 | D:9      | Reached skill level 10 in Fighting
 11469 | D:9      | Noticed a cyclops
 11584 | D:9      | Killed a cyclops
 11585 | D:9      | Reached XP level 10. HP: 85/85 MP: 11/11
 11863 | D:9      | Reached ***** piety under Lugonu
 11874 | D:9      | Noticed Gastronok
 11992 | D:9      | Found a staircase to the Orcish Mines.
 12191 | D:9      | Killed Gastronok
 12327 | Lair:1   | Entered Level 1 of the Lair of Beasts
 12327 | Lair:1   | Noticed a cane toad
 12339 | Lair:1   | Killed a cane toad
 12513 | Lair:1   | Noticed a cane toad
 12553 | D:8      | HP: 2/86 [cane toad (13)]
 12981 | D:8      | Killed a cane toad
 13668 | Lair:1   | Reached XP level 11. HP: 46/92 MP: 12/12
 14255 | Lair:1   | You fall into a shaft and drop 1 floor!
 14256 | Lair:2   | Noticed a boulder beetle
 14314 | Lair:2   | Reached skill level 5 in Armour
 14531 | Lair:2   | Killed a boulder beetle
 15920 | Lair:1   | Noticed an eight-headed hydra
 16995 | Lair:2   | Noticed a death yak
 16995 | Lair:2   | Noticed a death yak
 17236 | D:10     | Entered Level 10 of the Dungeon
 17414 | D:10     | Reached XP level 12. HP: 80/100 MP: 13/13
 18075 | D:10     | Noticed a two-headed ogre
 18395 | D:10     | Identified the +1 plate armour "Haij" {rN++ Str+2 Int+3
                  | Dex-3}
 18451 | D:10     | Killed a two-headed ogre
 19260 | D:11     | Noticed a two-headed ogre
 19274 | D:11     | Killed a two-headed ogre
 19513 | D:11     | Noticed a two-headed ogre
 19557 | D:10     | Reached skill level 10 in Long Blades
 19637 | Orc:1    | Entered Level 1 of the Orcish Mines
 20469 | Orc:1    | Found Boapreir's Distillery.
 21276 | Orc:2    | Entered Level 2 of the Orcish Mines
 21356 | Orc:2    | Noticed a two-headed ogre
 21378 | Orc:2    | Killed a two-headed ogre
 22011 | Orc:1    | Found Cexkau's Antique Weapon Emporium.
 24217 | Orc:2    | Found Opycus's Jewellery Boutique.
 24256 | Orc:2    | Found Gori's Assorted Antiques.
 24476 | Orc:2    | Bought a scroll of identify for 46 gold pieces
 24476 | Orc:2    | Bought a scroll of identify for 46 gold pieces
 25334 | Orc:2    | Identified the +5 ring mail of Foolhardiness {-Tele rPois
                  | rCorr MP-9}
 25476 | Orc:2    | Found a staircase to the Elven Halls.
 25947 | Orc:2    | Gained mutation: You are in touch with the powers of death.
                  | [Mummy growth]
 25947 | Orc:2    | Reached XP level 13. HP: 108/108 MP: 16/16
 26064 | Orc:2    | Noticed an orc warlord
 26485 | Orc:2    | Killed an orc warlord
 27193 | Orc:2    | Found Baokerhe's Armour Emporium.
 28487 | Orc:2    | Found Raor's Magic Scroll Shop.
 28498 | Orc:2    | Bought a scroll of teleportation for 48 gold pieces
 28498 | Orc:2    | Bought a scroll of teleportation for 48 gold pieces
 28596 | Orc:2    | Reached skill level 1 in Dodging
 28738 | Orc:1    | Bought a runed long sword for 143 gold pieces
 28932 | D:2      | Bought a scroll of blinking for 202 gold pieces
 28932 | D:2      | Bought a wand of digging (4) for 216 gold pieces
 28985 | D:2      | Bought a scroll of teleportation for 36 gold pieces
 28985 | D:2      | Bought a scroll of silence for 90 gold pieces
 28985 | D:2      | Bought a scroll of fear for 42 gold pieces
 29410 | Lair:2   | Reached skill level 5 in Invocations
 29535 | Lair:3   | Found a runed translucent door.
 29536 | Lair:3   | Noticed Nefuv's ghost (journeyman MiBe)
 29536 | Lair:3   | Identified the +8 spear of Noon {flame, Fragile Str+4 Int+3
                  | Dex+4}
 29588 | Lair:3   | Found a dark tunnel.
 29596 | Volcano  | Entered a volcano
 29639 | Volcano  | Noticed a fire dragon
 29644 | Volcano  | Killed a fire dragon
 30297 | Lair:3   | Noticed Snorg
 32665 | Lair:3   | Found a staircase to the Snake Pit.
 32782 | Lair:3   | Killed Snorg
 32926 | Lair:3   | Reached XP level 14. HP: 85/115 MP: 18/18
 35542 | Lair:5   | Reached ****** piety under Lugonu
 36135 | Lair:5   | Found a staircase to the Slime Pits.
 36136 | Lair:5   | Found a viscous altar of Jiyva.
 36353 | Lair:6   | Entered Level 6 of the Lair of Beasts
 37334 | Lair:6   | Reached skill level 10 in Shields
 38870 | D:11     | Reached skill level 5 in Dodging
 39680 | D:12     | Identified the +8 falchion of Inflation {holy, Int+5}
 39733 | D:12     | Reached XP level 15. HP: 91/123 MP: 19/19
 41413 | D:13     | Found a portal to a secret trove of treasure.
 41437 | D:13     | Identified a scroll of acquirement
 41438 | D:13     | Acquired the +1 double sword "Newtslayer" {venom, rF- rN+
                  | MP+9}
 42448 | D:14     | Found a gate to the Vaults.
 42459 | D:14     | Found a gate leading to a gauntlet.
 42466 | Gauntlet | Entered a Gauntlet
 42466 | Gauntlet | Found a transporter.
 42469 | Gauntlet | Found a transporter.
 42471 | Gauntlet | Found a transporter.
 42475 | Gauntlet | Found a runed translucent door.
 42507 | Gauntlet | Found a transporter.
 42524 | Gauntlet | Found a transporter.
 42527 | Gauntlet | Found a transporter.
 42540 | Gauntlet | Found a transporter.
 42556 | Gauntlet | Found a transporter.
 42568 | Gauntlet | Found a transporter.
 42578 | Gauntlet | Found a transporter.
 42610 | Gauntlet | Found a transporter.
 42618 | Gauntlet | Found a runed translucent door.
 42619 | Gauntlet | Found a transporter.
 42781 | Gauntlet | Found a transporter.
 43027 | Gauntlet | Identified the amulet "Porops Otru" {Acrobat Will+ rCorr
                  | Int+3 Slay-5}
 43065 | Gauntlet | Identified the +8 double sword "Cycvyop" {speed, rCorr
                  | Int+5 Dex-5}
 43076 | Gauntlet | Slain by a minotaur

Illustrated notes

Levels and vault maps discovered:
D:1:      dpeg_cavernosity, layout_loops_ring, minmay_stone_trees_medium,
          minmay_pentomino_q4
D:2:      layout_loops_corners, serial_shops, shop, shop_fountains,
          nicolae_shop_temple_entry_statues_fountains, shop,
          nicolae_shop_statue_plus, basic_altar, chequers_serial_rivers_small_b,
          minmay_quadrilaterals, uniq_crazy_yiuf_cottage
D:3:      layout_loops_ring
D:4:      layout_loops_ring, grunt_temple_overflow_open,
          minmay_temple_entry_antechambers, gup_sewer_entry_bowl,
          kennysheep_generic_room_9
D:5:      corexii_shantytown, layout_loops_cross,
          mainiacjoe_overflow_small_starburst, makhleb_heckhound_becter,
          serial_shops, shop_statue
D:6:      layout_gridville, kiku_gazebo_pond_becter, amcnicky_mini_pool_small
D:7:      layout_loops_ring, mainiacjoe_overflow_alcove_1,
          minmay_misc_feat_enclosed
D:8:      layout_loops_ring, amethyst_overflow_temple_binary, lair_entry_dummy,
          gammafunk_ghost_wrathful_warriors, corexii_checkpoint_b
D:9:      layout_roguey, erik_orc_3, jiyva_altar_1, uniq_gastronok
D:10:     layout_layer_cave
D:11:     layout_basic
D:12:     layout_stronghold, lemuel_nasty_fountain
D:13:     layout_rooms, enter_trove_6
D:14:     lemuel_troll_bridge, layout_layer_cave, erik_vaults_2,
          gauntlet_entry_generic, okawaru_trees_2
Lair:1:   layout_cave_pods, worms_lemuel
Lair:2:   cheibrodos_lair_river_kwai, layout_hall_layers,
          elwin_shoals_entry_rooms, portal_ice_cave_demonic_guard,
          lemuel_fruit_tree
Lair:3:   layout_regular_city, dummy_snake_entry,
          lightli_volcano_entry_magma_tube, ebering_ghost_funeral_grove,
          infiniplex_staircase_pool_2, grunt_megastairs_1, uniq_snorg
Lair:4:   layout_concentric_octagons, infiniplex_staircase_pool,
          serial_bayou_shore_b, minmay_lair_oklob_chamber
Lair:5:   layout_concentric_octagons, slime_altar_1
Lair:6:   hangedman_lair_tendril_chambers, layout_hall_layers,
          serial_bayou_shore_a
Orc:1:    layout_caves, serial_shops, nicolae_square_shop, shop, basic_altar
Orc:2:    pubby_orc_utopia, serial_shops
Gauntlet: minmay_gauntlet_77_tree [minmay_gauntlet_arena_77_mess,
          minmay_gauntlet_arena_77_cramped, minmay_gauntlet_arena_77_p_blocks,
          minmay_gauntlet_arena_77_two_lines, minmay_gauntlet_arena_77_fan,
          minmay_gauntlet_arena_77_museum,
          minmay_gauntlet_arena_77_broken_ladder, gauntlet_exit_spiral]

Skill      XL: |  1  2  3  4  5  6  7  8  9 10 11 12 13 14 15 |
---------------+----------------------------------------------+-----
Fighting       | 4 5 6 7 9 10 11 12 13 | 13.2
Long Blades    | 1 2 3 4 6 8 9 10 12 13 | 13.3
Shields        | 1 2 3 4 5 6 7 8 9 10 | 10.4
Armour         | 3 4 6 7 8 9 |  9.0
Invocations    | 4 6 |  6.0
Dodging        | 3 5 |  5.5
Short Blades   | |  1.5

Action                   |  1- 3 |  4- 6 |  7- 9 | 10-12 | 13-15 || total
-------------------------+-------+-------+-------+-------+-------++-------
Melee: Short sword       |   188 |    55 |       |       |       ||   243
       Dagger            |       |   299 |   634 |  1464 |       ||  2397
       Scimitar          |       |       |       |    12 |  1043 ||  1055
       Great sword       |       |       |       |       |    69 ||    69
       Long sword        |       |       |       |       |     6 ||     6
       Double sword      |       |       |       |       |    33 ||    33
Throw: Dart              |       |       |     5 |    37 |       ||    42
Invok: Depart the Abyss  |     1 |       |       |       |       ||     1
Evoke: Wand              |       |       |    19 |    26 |    16 ||    61
  Use: Scroll            |     1 |     1 |     8 |    12 |    16 ||    38
 Stab: Paralysed         |       |       |     9 |       |    12 ||    21
       Petrifying        |       |       |       |       |     1 ||     1
Armor: Scale mail        |    68 |    95 |    44 |   194 |    43 ||   444
       Ring mail         |       |       |    61 |     2 |       ||    63
       Plate armour      |       |       |       |    45 |       ||    45
       Fire dragon scale |       |       |       |       |   274 ||   274
Dodge: Dodged            |    43 |    52 |   124 |   312 |   427 ||   958
Block: Other             |    17 |       |       |       |    27 ||    44
       Kite shield       |    29 |   165 |   361 |   954 |   805 ||  2314
       Reflection        |       |     4 |     2 |    10 |    11 ||    27
       Rpst.: Scimitar   |       |       |       |     2 |    94 ||    96
       Great sword       |       |       |       |       |    14 ||    14
       Long sword        |       |       |       |       |     1 ||     1
       Double sword      |       |       |       |       |     4 ||     4
